 Dungeon Sprint DCSS version 0.28.0-53-g5a82cb258f (webtiles) character file.

Game seed: 13429049166985962279

2313 Zeld the Cleaver (level 9, -5/94 HPs)
             Began as a Minotaur Berserker on June 12, 2022.
             Was an Elder of Trog.
             Shot with an arrow by a centaur warrior (22 damage)
             ... in the Dungeon (Sprint I: "Red Sonja").
             The game lasted 00:02:25 (2047 turns).

Zeld the Cleaver (Minotaur Berserker)               Turns: 2047, Time: 00:02:26

Health: -5/94      AC:  5    Str: 26    XL:     9   Next: 18%
Magic:  8/8        EV: 15    Int:  4    God:    Trog [****..]
Gold:   159        SH:  0    Dex: 10    Spells: 8/8 levels left

rFire   . . .      SeeInvis .   a - +0 hand axe
rCold   . . .      Faith    .   (no shield)
rNeg    . . .      Spirit   .   b - +0 animal skin
rPois   .          Reflect  .   (helmet restricted)
rElec   .          Harm     .   (no cloak)
rCorr   .          Rampage  .   l - +0 pair of gloves
Will    .....      NoTele   +   p - +0 pair of boots
Stlth   +.........              (no amulet)
HPRegen 0.25/turn               (no ring)
MPRegen 0.11/turn               (no ring)

@: no status effects
A: horns 2, retaliatory headbutt
a: Renounce Religion, Berserk, Trog's Hand, Brothers in Arms


You were in the Dungeon.
You worshipped Trog.
Trog was greatly pleased with you.
You visited 1 branch You collected 865 gold pieces.
You spent 706 gold pieces at shops.

Inventory:

Hand Weapons
 a - a +0 hand axe (weapon)
Armour
 b - a +0 animal skin (worn)
 l - a +0 pair of gloves (worn)
 p - a +0 pair of boots (worn)
Wands
 i - a wand of mindburst (8)
Scrolls
 h - a scroll of blinking
 m - a scroll of torment {unknown}
 n - a scroll of immolation {unknown}
 q - 3 scrolls of identify {unknown}
Potions
 c - 7 potions of curing
 d - a potion of heal wounds
 e - 2 potions of haste
 f - 2 potions of magic
 g - a potion of berserk rage
 j - a potion of might {unknown}
 k - 2 potions of flight {unknown}
 o - a potion of attraction {unknown}


   Skills:
 * Level 13.8 Fighting
 * Level 13.8 Axes
 + Level 10.0 Armour
 + Level 9.1 Dodging
 + Level 7.0 Evocations


You had 8 spell levels left.
You didn't know any spells.
Your spell library was empty.

Dungeon Overview and Level Annotations

Branches:
Dungeon (1/1)

Altars:
Cheibriados
Dithmenos
Elyvilon
Fedhas
Gozag
Hepliaklqana
Kikubaaqudgha
Makhleb
Nemelex Xobeh
Okawaru
Qazlal
Ru
Sif Muna
Trog
Uskayaw
Vehumet
Wu Jian
Xom
Yredelemnul
Zin
The Shining One
Jiyva
Lugonu

Shops:
D **[


Innate Abilities, Weirdness & Mutations

You have a pair of horns on your head.
You reflexively headbutt those who attack you in melee.


Message History

There is an open door here.
There is a radiant altar of Vehumet here.
There is an open door, spattered with blood here.
There is an entrance to Gaekawn's Assorted Antiques here.
Unknown command.
e - 2 potions of haste (gained 1) Thank you for shopping at Gaekawn's Assorted Antiques!
You can access your shopping list by pressing '$'.
You start waiting.
Done waiting.
There is an open door, spattered with blood here.
There is an ornate altar of the Wu Jian Council here.
There is an open door here.
There is an open door here.
There is an open door, spattered with blood here.
You see here a +0 ring mail.
You open the door. 2 centaur warriors come into view.
Found 10 arrows and a ring mail.
The centaur warrior moves out of view. x2
There is an open door here.
You enter the shallow water.
Moving in this stuff is going to be slow.
The centaur warrior shouts! x2
The centaur warrior wields a +0 shortbow.
The centaur warrior shoots an arrow.
The arrow hits you! The centaur warrior hits you.
The centaur warrior misses you.
The centaur warrior shoots an arrow.
The arrow hits you! The centaur warrior hits you!
The centaur warrior kicks you.
The centaur warrior wields a +0 shortbow.
The centaur warrior shoots an arrow.
The arrow hits you.
The centaur warrior shoots an arrow.
The arrow hits you!
There is an open door, spattered with blood here.
You see here a +0 ring mail.
Which direction?
Which direction?
You close the door.
Something unseen breaks down the door.
The centaur warrior shoots an arrow.
The arrow hits you!
* * * LOW HITPOINT WARNING * * *
You close the door.
The centaur warrior shoots an arrow.
The arrow hits you!!
You die...

.#..)..#..'..#__#..))..#
.').#..').#..'..'..#...#
.#####'#####'#__####...+
.####..#...#.####§§#####
.#__####..##.#§≈§.§#
.#_____##'#_.+§c§c.+
⌠#_.∩...'..._#§c§c.#
##_..__##_.#'##§###
#_____###'#(#§§@=###
##########.####+###(##
........'...'.....'.∩#
#++++####.).##########
###.### #.#'#.# #.....#
#...(.# #######


You could see a centaur warrior.

Vanquished Creatures
  Sonja (D)
  A deep troll (D)
  2 kobold demonologists (D)
  A slime creature (D)
  Sigmund (D)
  A yak (D)
  A floating eye (D)
  An ogre (D)
  A jelly (D)
  Ijyb (D)
  A ballistomycete spore (D)
12 creatures vanquished.

Vanquished Creatures (others)
  A gargoyle (D)
  A ballistomycete spore (D)
2 creatures vanquished.

Grand Total: 14 creatures vanquished

Notes
Turn   | Place    | Note
-------+----------+-------------------------------------------
     0 | D        | Zeld the Minotaur Berserker began the quest for the Orb.
     0 | D        | Reached XP level 1. HP: 19/19 MP: 0/0
     2 | D        | Noticed Ijyb
     8 | D        | Killed Ijyb
     9 | D        | Reached skill level 5 in Fighting
     9 | D        | Reached skill level 5 in Axes
     9 | D        | Reached XP level 2. HP: 17/29 MP: 1/1
   348 | D        | Noticed an ogre
   351 | D        | Killed an ogre
   352 | D        | Reached XP level 3. HP: 39/39 MP: 2/2
   352 | D        | Reached XP level 4. HP: 47/47 MP: 3/3
   512 | D        | Noticed Sigmund
   523 | D        | Killed Sigmund
   523 | D        | Reached ** piety under Trog
   524 | D        | Reached skill level 5 in Dodging
   524 | D        | Reached XP level 5. HP: 50/56 MP: 4/4
   524 | D        | Reached XP level 6. HP: 55/62 MP: 5/5
   716 | D        | Found an ornate altar of the Wu Jian Council.
   716 | D        | Found a shimmering blue altar of Sif Muna.
   718 | D        | Found a radiant altar of Vehumet.
   876 | D        | Found Gaekawn's Assorted Antiques.
   876 | D        | Found an ancient bone altar of Kikubaaqudgha.
   876 | D        | Found a hazy altar of Hepliaklqana.
   876 | D        | Found a stormy altar of Qazlal.
   876 | D        | Found a hide-covered altar of Uskayaw.
   876 | D        | Found a blossoming altar of Fedhas.
   876 | D        | Found a bloodstained altar of Trog.
   876 | D        | Found an iron altar of Okawaru.
   876 | D        | Found a basalt altar of Yredelemnul.
   876 | D        | Found a glowing golden altar of the Shining One.
   876 | D        | Found a snail-covered altar of Cheibriados.
   876 | D        | Found a sacrificial altar of Ru.
   876 | D        | Found a glowing silver altar of Zin.
   876 | D        | Found a shadowy altar of Dithmenos.
   876 | D        | Found a white marble altar of Elyvilon.
   876 | D        | Noticed a yak
   882 | D        | Killed a yak
   883 | D        | Reached skill level 10 in Fighting
   883 | D        | Reached skill level 10 in Axes
   883 | D        | Found an opulent altar of Gozag.
   884 | D        | Found a sparkling altar of Nemelex Xobeh.
   928 | D        | Bought a potion of curing for 57 gold pieces
   928 | D        | Bought a potion of curing for 57 gold pieces
   928 | D        | Bought a potion of curing for 57 gold pieces
   928 | D        | Bought a puce potion for 17 gold pieces
   928 | D        | Bought 2 purple potions for 34 gold pieces
   928 | D        | Bought a scroll labelled BUEZEU BYRPH for 19 gold pieces
   928 | D        | Bought a scroll labelled BUEZEU BYRPH for 19 gold pieces
   931 | D        | Killed a gargoyle
  1060 | D        | Found a burning altar of Makhleb.
  1060 | D        | Found a viscous altar of Jiyva.
  1060 | D        | Found a shimmering altar of Xom.
  1060 | D        | Found a corrupted altar of Lugonu.
  1060 | D        | Noticed a slime creature
  1067 | D        | Killed a slime creature
  1068 | D        | Reached XP level 7. HP: 73/73 MP: 6/6
  1144 | D        | Noticed a kobold demonologist
  1145 | D        | Paralysed by a floating eye for 2 turns
  1145 | D        | Noticed a kobold demonologist
  1146 | D        | Noticed an ice devil
  1151 | D        | Reached skill level 5 in Evocations
  1156 | D        | Killed a kobold demonologist
  1156 | D        | Reached *** piety under Trog
  1157 | D        | Reached XP level 8. HP: 34/83 MP: 7/7
  1168 | D        | Killed a kobold demonologist
  1495 | D        | Noticed Sonja
  1496 | D        | Killed Sonja
  1496 | D        | Reached **** piety under Trog
  1691 | D        | Noticed a deep troll
  1695 | D        | Killed a deep troll
  1696 | D        | Reached skill level 10 in Armour
  1696 | D        | Reached XP level 9. HP: 94/94 MP: 8/8
  1835 | D        | Found Dom Segg's Armour Emporium.
  1864 | D        | Found Jassiewk's Assorted Antiques.
  1872 | D        | Bought a scroll labelled AFFUAR KUISOGE for 28 gold pieces
  1872 | D        | Bought an amethyst potion for 25 gold pieces
  1872 | D        | Bought a scroll labelled BUEZEU BYRPH for 28 gold pieces
  1872 | D        | Bought a pair of boots for 126 gold pieces
  1898 | D        | Bought a +0 pair of gloves for 49 gold pieces
  1920 | D        | Bought a potion of haste for 190 gold pieces
  2042 | D        | Noticed a centaur warrior
  2042 | D        | Noticed a centaur warrior
  2047 | D        | Shot with an arrow by a centaur warrior

Illustrated notes

Levels and vault maps discovered:
D:        dungeon_sprint_1 [red_sonja_temple_1, red_sonja_temple_small_1]

Skill      XL: |  1  2  3  4  5  6  7  8 |
---------------+-------------------------+-----
Fighting       | 5 7 8 10 11 13 | 13.8
Axes           | 5 7 8 10 11 13 | 13.8
Armour         | 3 4 6 7 8 10 | 10.0
Dodging        | 3 4 5 6 7 9 |  9.1
Evocations     | 2 3 4 5 7 |  7.0

Action                   |  1- 3 |  4- 6 |  7- 9 || total
-------------------------+-------+-------+-------++-------
Melee: Hand axe          |     6 |    20 |    20 ||    46
       Headbutt          |     2 |     4 |     2 ||     8
Invok: Berserk           |     2 |     3 |     1 ||     6
Evoke: Wand              |       |       |     4 ||     4
 Stab: Sleeping          |       |     1 |       ||     1
Armor: Animal skin       |       |       |     1 ||     1
Dodge: Dodged            |     1 |     4 |     5 ||    10
